 Dungeon Crawl Stone Soup version 0.21.1-1-g345015fe64 (webtiles) character file.

205 HypnoRock the Firebug (level 5, -3/38 HPs)
             Began as a Draconian Fire Elementalist on June 9, 2018.
             Killed from afar by an orc wizard (4 damage)
             ... with a magic dart
             ... on level 3 of the Dungeon on June 10, 2018.
             The game lasted 00:24:24 (2508 turns).

HypnoRock the Firebug (Draconian Fire Elementalist) Turns: 2508, Time: 00:24:24

Health: -3/38      AC:  5    Str: 11    XL:     5   Next: 52%
Magic:  2/8        EV: 12    Int: 16    God:
Gold:   111        SH:  0    Dex: 11    Spells: 2/8 levels left

rFire    . . .     SeeInvis .   c - +0 hand axe
rCold    + . .     Gourm    .   (no shield)
rNeg     . . .     Faith    .   (armour unavailable)
rPois    .         Spirit   .   (helmet restricted)
rElec    .         Reflect  .   (no cloak)
rCorr    .         Harm     .   (no gloves)
MR       .....     Clarity  +   (no boots)
Stlth    ++........             (no amulet)
HPRegen  0.12/turn              f - ring of protection from cold
MPRegen  0.11/turn              (no ring)

@: very slightly contaminated
A: unfitting armour, clarity, wild magic 1, cold-blooded, AC +5
a: no special abilities


You were on level 3 of the Dungeon.
You were hungry.

You visited 1 branch of the dungeon, and saw 3 of its levels.

You collected 111 gold pieces.

Inventory:

Hand Weapons
 c - a +0 hand axe (weapon)
Missiles
 h - 258 stones (quivered)
Jewellery
 f - a ring of protection from cold (left hand)
 m - an uncursed ring of wizardry {unknown}
Scrolls
 e - 4 scrolls of fog
 i - a scroll of remove curse {unknown}
 j - a scroll of enchant armour {unknown}
Potions
 g - a potion of haste
 k - a potion of agility
 l - 3 potions of curing
Books
 a - a book of Flames

   Spells                             Type                      Level
   a - Flame Tongue                   Conjuration/Fire             1
   b - Throw Flame                    Conjuration/Fire             2
   c - Conjure Flame                  Conjuration/Fire             3
   d - Inner Flame                    Hexes/Fire                   3
   e - Sticky Flame                   Conjuration/Fire             4
   f - Fireball                       Conjuration/Fire             5
Comestibles
 b - 7 rations
 d - a chunk of flesh


   Skills:
 - Level 1.7 Dodging
 - Level 1.7 Stealth
 - Level 2.0 Spellcasting
 + Level 4.4 Conjurations
 + Level 4.4 Fire Magic


You had 2 spell levels left.
You knew the following spells:

 Your Spells              Type           Power        Failure   Level  Hunger
a - Flame Tongue          Conj/Fire      ###..        5%          1    #......
b - Throw Flame           Conj/Fire      ###...       8%          2    ###....
c - Conjure Flame         Conj/Fire      ###.....     14%         3    ###....


Dungeon Overview and Level Annotations

Branches:
Dungeon (3/15)

Altars:
Nemelex Xobeh


Innate Abilities, Weirdness & Mutations

Your plain brown scales are hard. (AC +5)
You cannot fit into any form of body armour.
You are cold-blooded and may be slowed by cold attacks.
You possess an exceptional clarity of mind.
Your spells are a little harder to cast, but a little more powerful.


Message History

You hit something but do no damage. Something hits you but does no damage.
Casting: Flame Tongue
Confirm with . or Enter, or press ? or * to list all spells.
Aiming: Flame Tongue
Press: ? - help, Shift-Dir - straight line, f - you That would be overly suicidal.
Okay, then.
You miss something.
You hear some strange, mumbled words.
Something tries to affect you, but you resist.
You hear some strange, mumbled words.
A magic dart appears from out of thin air!
The magic dart hits you!
* * * LOW HITPOINT WARNING * * *
A magic dart appears from out of thin air!
The magic dart hits you!
* * * LOW HITPOINT WARNING * * *
A magic dart appears from out of thin air!
The magic dart hits you!
You die...

.................#....#
#.#
....#.#.###............
... ......#.#
#.#.#..#....# .# ........#
#.###.......##. .##.#.#.#
#.###.......... .##.#.#.#
#(# ...........
...(#.#.###.###..#......
.##.#.#...............#
........###.###.@#..).#
.##.#.#.###.###..#...###..
..........)...............
.##.#.......###..#...###.
............)....#...###..
.##.....#.####...)........
.##.....#.##....##...###..
##..........[............
#....##.##.#####)......#


There were no monsters in sight!

Vanquished Creatures
  A bullfrog (D:3)
  An orc priest (D:3)
  3 adders
  A worm (D:2)
  2 dart slugs (D:1)
  2 leopard geckos (D:2)
  8 orcs (D:3)
  5 giant cockroaches
  5 goblins
  14 hobgoblins
  A quokka (D:3)
  A ball python (D:3)
  4 bats
  7 frilled lizards
  8 kobolds
  2 rats (D:1)
65 creatures vanquished.

Notes
Turn   | Place    | Note
-------+----------+-------------------------------------------
     0 | D:1      | HypnoRock the Draconian Fire Elementalist began the quest for the Orb.
     0 | D:1      | Reached XP level 1. HP: 14/14 MP: 3/3
   109 | D:1      | Reached XP level 2. HP: 19/20 MP: 3/5
   160 | D:1      | Learned a level 2 spell: Throw Flame
   541 | D:1      | Reached XP level 3. HP: 26/26 MP: 3/6
   682 | D:1      | Found a sparkling altar of Nemelex Xobeh.
  1146 | D:2      | Gained mutation: Your spells are a little harder to cast, but a little more powerful. [potion of mutation]
  1146 | D:2      | Gained mutation: You possess an exceptional clarity of mind. [potion of mutation]
  1459 | D:2      | Learned a level 3 spell: Conjure Flame
  1712 | D:3      | Reached XP level 4. HP: 26/33 MP: 0/7
  1869 | D:3      | HP: 1/33 [orc priest/nerve-wracking pain (5)]
  2019 | D:3      | Noticed a bullfrog
  2028 | D:3      | Killed a bullfrog
  2028 | D:3      | Reached XP level 5. HP: 12/38 MP: 0/8
  2507 | D:3      | HP: 1/38 [something/magic dart (6)]
  2508 | D:3      | Killed from afar by an orc wizard

Skill      XL: |  1  2  3  4 |
---------------+-------------+-----
Conjurations   | 2 3 4 |  4.4
Fire Magic     | 4 |  4.4
Dodging        | |  1.7
Stealth        | |  1.7
Spellcasting   | |  2.0

Action                   |  1- 3 |  4- 6 || total
-------------------------+-------+-------++-------
Melee: Hand axe          |    21 |    18 ||    39
       Tailslap          |       |     4 ||     4
 Cast: Flame Tongue      |    68 |    35 ||   103
       Throw Flame       |     4 |     3 ||     7
       Conjure Flame     |     1 |     1 ||     2
  Use: Scroll            |     3 |     2 ||     5
       Potion            |     1 |       ||     1
  Eat: Chunk             |     3 |     4 ||     7
Armor: Skin              |    10 |     7 ||    17
Dodge: Dodged            |    20 |    18 ||    38
